 Dungeon Crawl Stone Soup version 0.28-a0-8-g6e044cfa68 (webtiles) character file.

Game seed: 16429665688849499516

499 Spectrina the Magician (level 7, -2/67 HPs)
             Began as a Djinni Necromancer on July 24, 2021.
             Was a Plaything of Xom.
             Slain by an ogre (12 damage)
             ... on level 6 of the Dungeon.
             The game lasted 00:23:26 (2571 turns).

Spectrina the Magician (Djinni Necromancer)         Turns: 2571, Time: 00:23:29

Health: -2/67      AC: 23    Str:  7    XL:     7   Next: 39%
Gold:   229        EV:  2    Int: 18    God:    Xom [....*.] SH:  0 Dex: 14

rFire   + . .      SeeInvis .   b - +0 hunting sling
rCold   + . .      Faith    .   (no shield)
rNeg    + + +      Spirit   .   (armour currently unavailable)
rPois   ∞          Reflect  .   (helmet currently unavailable)
rElec   +          Harm     .   (cloak currently unavailable)
rCorr   +          Rampage  .   (gloves currently unavailable)
Will    .....      NoTele   +   (boots unavailable)
Stlth   ++........              (no amulet)
HPRegen 0.21/turn               c - ring of wizardry
MPRegen 0.00/turn               x - +4 ring of evasion

@: brilliant, tree-form, resistant, marked
A: stationary, stasis, torment immunity, boosted hp, sickness immunity, (fire
resistance 2), (cold vulnerability 1), float, innate caster, hp casting, extra
vitality 1, (iridescent scales 2), noise suppression
a: Renounce Religion


You were on level 6 of the Dungeon.
You worshipped Xom.
You were a beloved toy of Xom.
You were a tree.
You visited 1 branch of the dungeon, and saw 6 of its levels.

You collected 229 gold pieces.

Inventory:

Hand Weapons
 a - a +3 quarterstaff of chaos
 b - a +0 hunting sling (weapon)
Missiles
 f - 38 arrows
 h - 160 stones
 o - 8 sling bullets (quivered ammo)
 p - 4 silver javelins
 t - 18 poisoned darts
Armour
 g - a +1 cloak (melded)
 j - a +0 robe (melded)
 B - a +0 cloak
Jewellery
 c - a ring of wizardry (left branch)
 x - a +4 ring of evasion (right branch)
Wands
 e - a wand of paralysis (1)
 y - a wand of mindburst (13)
Scrolls
 m - 2 scrolls of magic mapping
 v - a scroll of identify
Potions
 d - 2 potions of resistance
 i - a potion of invisibility {unknown}
 k - a potion of magic {unknown}
 q - 2 potions of brilliance
 r - a potion of cancellation {unknown}
 u - a potion of might {unknown}
 w - 2 potions of curing {unknown}
 z - a potion of lignification


   Skills:
 - Level 2.1 Dodging
 - Level 1.5 Stealth
 + Level 6.5 Spellcasting


You couldn't memorise any spells.
You knew the following spells:

 Your Spells              Type           Power      Damage    Failure   Level
a - Pain                  Necr           100%       1d9       1%          1
b - Blink                 Tloc           N/A        N/A       1%          2
f - Sting                 Tmut/Pois      100%       1d8       1%          1
i - Summon Guardian Gole  Hex/Summ       44%        N/A       1%          3
k - Agony                 Necr           44%        N/A       9%          5
l - Vampiric Draining     Necr           22%        2d9       1%          3
o - Animate Dead          Necr           22%        N/A       3%          4
p - Animate Skeleton      Necr           88%        N/A       1%          1
Your spell library was empty.

Dungeon Overview and Level Annotations

Branches:
Dungeon (6/15)             Temple (0/1) D:5

Altars:
Uskayaw
Xom
Zin
The Shining One

Annotations:
D:2 Natasha


Innate Abilities, Weirdness & Mutations

You are a tree.
Your roots penetrate the ground, keeping you stationary.
You cannot be teleported.
You are immune to unholy pain and torment.
Your maximum health is greatly increased.
Your equipment is partially melded.
You are immune to sickness and miasma.
You are immune to poison.
((Your flesh is very heat resistant. (rF++)))
((You are vulnerable to cold. (rC-)))
You float through the air rather than walking.
You learn spells naturally, not from books.
Your magical power is your life essence.
You have superior vitality. (+4 HP)
((You are mostly covered in iridescent scales. (AC +4)))
You passively dampen the noise of your surroundings.


Message History

As you read the scroll labelled SIOFRAUTAY, it crumbles to dust.
It is a scroll of identify.
A - a scroll of teleportation "You need some minor adjustments, mortal!"
Your body is suffused with distortional energy.
You feel your surroundings grow quieter.
Iridescent scales grow over part of your body.
Iridescent scales spread over more of your body.
You are now a beloved toy of Xom.
Unknown command.
As you read the scroll of teleportation, it crumbles to dust.
You feel strangely unstable.
Okay, then.
The centaur unwields a +0 shortbow.
The centaur hits you but does no damage.
The centaur kicks you.
* * * LOW HITPOINT WARNING * * *
Unknown command.
It was a potion of brilliance.
You feel clever all of a sudden.
Xom roars with laughter!
The centaur hits you but does no damage.
The centaur kicks you.
* * * LOW HITPOINT WARNING * * *
The centaur hits you but does no damage.
The centaur closely misses you.
Unknown command.
It was a potion of resistance.
You feel protected. The ogre barely misses you. The centaur misses you.
The centaur kicks you but does no damage.
It was a potion of lignification.
You turn into a tree.
Your +1 cloak melds into your body.
Your +0 robe melds into your body.
Your roots penetrate the ground.
You feel strangely stable. The centaur hits you.
* * * LOW HITPOINT WARNING * * *
The centaur kicks you but does no damage.
The ogre hits you with a +0 giant club!
You die...
Xom chuckles heartily!

,,,,** ***,,,,,,* *,* ,,,*,**
*,,,,,,* *,, ,,***,** *,,,,,,*
*,* ,*****,* ###**,,,,,,*####,*
,,,**,,* #.$,,,,,,,,,...,,*
≈≈≈*,,,* #.#**,,,,,,,#..,,*
≈≈≈≈≈≈,* #.# *,,,,,,,#.#*,*
≈≈≈≈≈≈≈**** #.# **##.#**#.#*,#
≈≈≈≈≈≈≈,,,######♣#####..####.##.#
≈≈≈≈≈≈≈,,.......Oc5..5....§.....#
≈≈≈≈≈≈≈*,........#.#Z#.#####.####
≈≈≈≈≈≈,*,..####..#.#.#.#####.####
≈≈≈≈≈≈,***** #..#.....5.........
≈≈≈≈≈,,* #........5.....###>
≈≈≈,,,,* *****#.#.####<####### *,
≈≈,,,,** *,,,,....,* #.# *,
*,,*,*** *,***#.#.,* #.# **,


You could see an ogre, a centaur, 2 white imps and a centaur skeleton.

Vanquished Creatures
  A phantom (D:4)
  2 scorpions (D:4)
  A water moccasin zombie (D:5)
  A bullfrog zombie (D:5)
  A centaur zombie (D:4)
  2 hounds
  Crazy Yiuf (D:2)
  An iguana (D:5)
  2 adders
  A worm (D:4)
  5 dart slugs
  2 orcs (D:5)
  2 ball pythons
  5 endoplasms
  4 giant cockroaches
  9 goblins
  3 hobgoblins
  6 jackals
  3 quokkas
  5 bats
  6 kobolds
  5 rats
68 creatures vanquished.

Vanquished Creatures (others)
  A plant (D:1)
1 creature vanquished.

Grand Total: 69 creatures vanquished

Notes
Turn   | Place    | Note
-------+----------+-------------------------------------------
     0 | D:1      | Spectrina the Djinni Necromancer began the quest for the
                  | Orb.
     0 | D:1      | Reached XP level 1. HP: 15/15 MP: 0/0
   204 | D:1      | Reached XP level 2. HP: 1/21 MP: 0/0
   838 | D:1      | Reached XP level 3. HP: 1/25 MP: 0/0
   838 | D:1      | Learned a level 1 spell: Sting
   905 | D:2      | Found a runed translucent door.
   906 | D:2      | Noticed Crazy Yiuf
  1003 | D:2      | Killed Crazy Yiuf
  1004 | D:2      | Reached skill level 4 in Spellcasting
  1004 | D:2      | Reached XP level 4. HP: 13/31 MP: 0/0
  1452 | D:1      | Found a faded altar of an unknown god.
  1476 | D:1      | Became a worshipper of Xom of Chaos
  1518 | D:2      | Noticed Natasha
  1624 | D:4      | Reached XP level 5. HP: 21/35 MP: 0/0
  1624 | D:4      | Learned a level 2 spell: Blink
  1644 | D:4      | Reached skill level 5 in Spellcasting
  1681 | D:4      | Reached XP level 6. HP: 23/40 MP: 0/0
  1801 | D:4      | XOM: silly message
  1967 | D:3      | Found a glowing golden altar of the Shining One.
  2023 | D:3      | Found a hide-covered altar of Uskayaw.
  2024 | D:3      | Found a glowing silver altar of Zin.
  2218 | D:4      | Reached skill level 6 in Spellcasting
  2233 | D:5      | Entered Level 5 of the Dungeon
  2233 | D:5      | Found a staircase to the Ecumenical Temple.
  2248 | D:5      | Reached XP level 7. HP: 20/45 MP: 0/0
  2248 | D:5      | Learned a level 3 spell: Summon Guardian Golem
  2260 | D:5      | XOM: 5-stop teleportation journey
  2483 | D:5      | XOM: 2-stop teleportation journey
  2566 | D:6      | XOM: give mutations
  2566 | D:6      | Gained mutation: You passively dampen the noise of your
                  | surroundings. [Xom's grace]
  2566 | D:6      | Gained mutation: You are partially covered in iridescent
                  | scales. (AC +2) [Xom's grace]
  2566 | D:6      | Gained mutation: You are mostly covered in iridescent
                  | scales. (AC +4) [Xom's grace]
  2571 | D:6      | Slain by an ogre

Illustrated notes

Levels and vault maps discovered:
D:1:      matt_arrival_los_fun, layout_loops_ring,
          chequers_ecumenical_altar_simple_redux, minmay_misc_feat_alley,
          minmay_shallow_snake_nest
D:2:      layout_rooms, uniq_natasha, uniq_crazy_yiuf_cottage
D:3:      layout_basic, jmf_multi_god_temple, tso_oasis_becter,
          kennysheep_cluttered_room, guppyfry_early_lair_pool
D:4:      layout_layer_cave, serial_glass, glass_columns_a, glass_columns_a,
          hex_medium
D:5:      layout_basic, demons_altar, minmay_temple_entry_tees
D:6:      layout_loops_ring, ebering_ghost_gozag, gup_sewer_entry_glass,
          centaur_isle

Skill      XL: |  1  2  3  4  5  6 |
---------------+-------------------+-----
Spellcasting   | 4 5 6 |  6.5
Dodging        | |  2.1
Stealth        | |  1.5

Action                   |  1- 3 |  4- 6 |  7- 9 || total
-------------------------+-------+-------+-------++-------
Melee: Unarmed           |    10 |       |       ||    10
       Quarterstaff      |       |    35 |     4 ||    39
 Fire: Hunting sling     |       |    44 |     4 ||    48
Throw: Stone             |       |     5 |       ||     5
 Cast: Pain              |    33 |     6 |     2 ||    41
       Sting             |     4 |    53 |     9 ||    66
       Animate Dead      |       |     2 |       ||     2
       Vampiric Draining |       |     1 |       ||     1
       Blink             |       |       |     2 ||     2
Evoke: Wand              |     2 |       |       ||     2
  Use: Scroll            |       |       |     6 ||     6
       Potion            |       |       |     3 ||     3
 Stab: Sleeping          |       |       |     1 ||     1
Armor: Robe              |     6 |    11 |     7 ||    24
       Skin              |       |       |     1 ||     1
Dodge: Dodged            |    18 |    24 |     8 ||    50

Table legend: (Time is in decaauts)
 A = Elapsed time spent in this place.
 B = Non-inter-level travel time spent in this place.
 C = Inter-level travel time spent in this place.
 D = Time resting spent in this place.
 E = Time spent auto-exploring this place.
 F = Levels seen in this place.
 G = Mean time per level.
                   A        B        C        D        E       F      G
               +--------+--------+--------+--------+--------+-----+--------+
         Total |   2583 |   2471 |    112 |      6 |    319 |   6 |  430.5 |
       Dungeon |   2583 |   2471 |    112 |      6 |    319 |   6 |  430.5 |
               +--------+--------+--------+--------+--------+-----+--------+

Top non-repeatable levels by time:
     D:1: 1165 daAuts
     D:2: 390 daAuts
     D:4: 348 daAuts
     D:3: 340 daAuts
     D:5: 311 daAuts
     D:6: 26 daAuts
